 Dungeon Crawl Stone Soup version 0.21-a0-39-g28ea6b7 (webtiles) character file.

58 KristoblXynda the Stinger (level 3, -1/26 HPs)
             Began as a Draconian Venom Mage on June 2, 2017.
             Slain by Crazy Yiuf
             ... wielding a +2 quarterstaff of chaos
              (7 damage)
             ... on level 2 of the Dungeon.
             The game lasted 00:03:15 (1176 turns).

KristoblXynda the Stinger (Draconian Venom Mage)    Turns: 1176, Time: 00:03:17

Health: -1/26      AC:  6    Str: 10    XL:     3   Next: 75%
Magic:  2/6        EV: 12    Int: 16    God:
Gold:   75         SH:  0    Dex: 17    Spells: 6/7 levels left

rFire    . . .     SeeInvis .     - Unarmed
rCold    . . .     Gourm    .   (no shield)
rNeg     . . .     Faith    .   (armour unavailable)
rPois    +         Spirit   .   (helmet restricted)
rElec    .         Reflect  .   (no cloak)
rCorr    .         Harm     .   g - +0 pair of gloves
MR       .....                  (no boots)
Stlth    ++........             (no amulet)
Regen    0.1/turn               k - +6 ring of dexterity
MPRegen  0.1/turn               o - ring of poison resistance

@: no status effects
A: unfitting armour, cold-blooded, AC +5
a: no special abilities


You were on level 2 of the Dungeon.
You were not hungry.

You visited 1 branch of the dungeon, and saw 2 of its levels.

You collected 75 gold pieces.

Inventory:

Armour
 c - a +0 shield
 g - a +0 pair of gloves (worn)
Jewellery
 k - a +6 ring of dexterity (left hand)
 o - a ring of poison resistance (right hand)
Scrolls
 d - 3 scrolls of enchant armour {unknown}
 e - a scroll of recharging {unknown}
 f - 2 scrolls of identify {unknown}
 h - a scroll of teleportation {unknown}
 j - a scroll of blinking {unknown}
 n - a scroll of fear {unknown}
 p - a scroll of remove curse {unknown}
Books
 a - a Young Poisoner's Handbook

   Spells                             Type                      Level
   a - Sting                          Conjuration/Poison           1
   b - Poisonous Vapours              Poison/Air                   2
   c - Mephitic Cloud                 Conjuration/Poison/Air       3
   d - Olgreb's Toxic Radiance        Poison                       4
   e - Venom Bolt                     Conjuration/Poison           5
Comestibles
 b - a bread ration
 i - 3 meat rations
 m - 2 royal jellies
 q - 3 chunks of flesh


   Skills:
 - Level 1.7 Dodging
 - Level 1.7 Stealth
 - Level 2.0 Unarmed Combat
 + Level 2.6 Spellcasting
 + Level 2.2 Conjurations
 - Level 3.0 Poison Magic


You had 6 spell levels left.
You knew the following spells:

 Your Spells              Type           Power        Failure   Level  Hunger
a - Sting                 Conj/Pois      ##..         7%          1    #......


Dungeon Overview and Level Annotations

Branches:
Dungeon (2/15)

Altars:

Annotations:
D:2 Crazy Yiuf


Innate Abilities, Weirdness & Mutations

Your plain brown scales are hard. (AC +5)
You cannot fit into any form of body armour.
You are cold-blooded and may be slowed by cold attacks.


Message History

Crazy Yiuf hits you with a quarterstaff of chaos!
Crazy Yiuf freezes you.
* * * LOW HITPOINT WARNING * * *
Crazy Yiuf cries, "Dawk sallow rumpyflump!"
It was a potion of curing.
You feel better.
Crazy Yiuf yells, "Castle sizzlefizz koolooloo!"
Crazy Yiuf hits you with a quarterstaff of chaos.
Crazy Yiuf burns you.
* * * LOW HITPOINT WARNING * * *
Unknown command.
Casting: Sting
Confirm with . or Enter, or press ? or * to list all spells.
Aiming: Sting
Press: ? - help, Shift-Dir - straight line, f/p - Crazy Yiuf
Aim: Crazy Yiuf, wielding a quarterstaff of chaos and wearing a runed cloak (moderately wounded)
The sting hits Crazy Yiuf.
Crazy Yiuf is poisoned.
Crazy Yiuf is heavily wounded.
Crazy Yiuf says, "Tosser return to song action!"
Crazy Yiuf hits you with a quarterstaff of chaos!
You die...

#########
##.......#
....####.#
##### ##..#
#.#####...##
.#..#
#..........##
.#..#
###.####....#
.#..#####..#
#....#
.......##..#
♣....♣
.#.#...##..#
♣♣@..♣
...+...##..#
♣♣g♣♣
(#.#...##..#
♣♣.♣
.#.#...##..#
♣.♣♣
.#.#...##..#
♣♣.♣
.#.#...##..#
♣.♣♣
.#.##.###.##
#'#
.#>........#
...
.().#.###.##
#...#


You could see Crazy Yiuf.

Vanquished Creatures
  Jessica (D:2)
  An adder (D:2)
  2 dart slugs (D:1)
  2 leopard geckos (D:1)
  A bat (D:1)
  2 giant cockroaches
  A ball python (D:1)
  A frilled lizard (D:1)
  3 goblins
  3 kobolds
  4 rats (D:1)
21 creatures vanquished.

Vanquished Creatures (others)
  4 toadstools (D:1)
4 creatures vanquished.

Grand Total: 25 creatures vanquished

Notes
Turn   | Place    | Note
-------+----------+-------------------------------------------
     0 | D:1      | KristoblXynda the Draconian Venom Mage began the quest for the Orb.
     0 | D:1      | Reached XP level 1. HP: 14/14 MP: 3/3
   110 | D:1      | Reached skill level 1 in Unarmed Combat
   266 | D:1      | Reached XP level 2. HP: 20/20 MP: 5/5
   872 | D:2      | Reached XP level 3. HP: 26/26 MP: 2/6
   983 | D:2      | Found a runed door.
  1020 | D:2      | Noticed Jessica
  1037 | D:2      | Killed Jessica
  1165 | D:2      | Noticed Crazy Yiuf
  1176 | D:2      | Slain by Crazy Yiuf

Vault maps used:
D:1:      ldierk_walled_garden_2, minmay_tall_x
D:2:      uniq_crazy_yiuf_cottage, uniq_jessica

Skill      XL: |  1  2  3 |
---------------+----------+-----
Unarmed Combat | 1 2 |  2.0
Conjurations   | 2 |  2.2
Dodging        | |  1.7
Stealth        | |  1.7
Spellcasting   | |  2.6
Poison Magic   | |  3.0

Action                   || total
-------------------------++-------
Melee: Unarmed           ||    58
       Tailslap          ||     6
 Cast: Sting             ||    26
  Use: Potion            ||     1
 Stab: Sleeping          ||     2
  Eat: Chunk             ||     1
Armor: Skin              ||    18
Dodge: Dodged            ||    42
